 Dungeon Crawl Stone Soup version 0.30.0-29-ga12c61a403 (webtiles) character file.

Game seed: 10291526995344364059

2775 Graphine the Destroyer (level 10, -5/109 HPs)
             Began as a Human Conjurer on June 21, 2023.
             Was a Believer of Qazlal.
             Slain by Amaemon
             ... wielding a -2 demon whip of venom
              (7 damage)
             ... on level 8 of the Dungeon.
             The game lasted 00:15:49 (6760 turns).

Graphine the Destroyer (Human Conjurer)             Turns: 6760, Time: 00:15:50

Health: -5/109     AC:  9    Str: 12    XL:     10   Next: 1%
Magic:  7/26       EV: 13    Int: 22    God:    Qazlal [**....]
Gold:   437        SH:  3    Dex: 12    Spells: 12/19 levels left

rFire   . . .        c - +3 dagger (speed)
rCold   + + .        (no shield)
rNeg    . . .        a - +0 robe
rPois   +            (no helmet)
rElec   .            g - +2 cloak
rCorr   .            z - +0 pair of gloves
SInv    .            e - +2 pair of boots
Will    .....        (no amulet) Stlth
                     A - ring of the Distant Future {Fly rPois rC++ Str+4}
HPRegen 0.38/turn    n - ring of magical power
MPRegen 0.20/turn

%: no passive effects
@: berserking, lethally poisoned (-5 -> -8), flying, slowed
A: no striking features
a: Renounce Religion, Upheaval


You were on level 8 of the Dungeon.
You worshipped Qazlal.
Qazlal was pleased with you.
You visited 1 branch of the dungeon, and saw 8 of its levels.

You collected 437 gold pieces.

Inventory:

Hand Weapons
 c - a +3 dagger of speed (weapon)
 d - a +1 dagger of freezing
 f - a +0 dagger
Armour
 a - a +0 robe (worn)
 e - a +2 pair of boots (worn)
 g - a +2 cloak (worn)
 z - a +0 pair of gloves (worn)
Jewellery
 j - a ring of positive energy
 n - a ring of magical power (right hand)
 A - the ring of the Distant Future (left hand) {Fly rPois rC++ Str+4}
   (You found it on level 6 of the Dungeon)

   [ring of flight]

   Str:       It affects your strength (+4).
   rC:        It greatly protects you from cold.
   rPois:     It protects you from poison.
   Fly:       It grants you flight.
Wands
 b - a wand of roots (17)
 h - a wand of digging (6)
Scrolls
 i - a scroll of vulnerability
 p - a scroll of magic mapping
 r - a scroll of poison
 u - 3 scrolls of teleportation
 x - 2 scrolls of amnesia
 y - a scroll of identify
Potions
 k - a potion of might
 m - a potion of lignification
 o - a potion of haste
 q - a potion of cancellation {unknown}
 s - 2 potions of degeneration
 t - 3 potions of attraction
 v - 3 potions of curing
 w - 4 potions of heal wounds {unknown}


   Skills:
 + Level 4.5 Fighting
 + Level 5.3 Dodging
 + Level 5.8 Stealth
 + Level 5.0 Spellcasting
 * Level 8.0 Conjurations
 + Level 4.8 Invocations


You had 12 spell levels left.
You knew the following spells:

 Your Spells              Type           Power      Damage    Failure   Level
a - Magic Dart            Conj           100%       1d8       1%          1
b - Searing Ray           Conj           80%        2d7       1%          2
c - Fulminant Prism       Conj/Hex       11%        3d9       19%         4

Your spell library contained the following spells:

 Spells                   Type           Power      Damage    Failure   Level
 Dazzling Flash           Conj/Hex       46%        N/A       6%          3
 Call Imp                 Summ           10%        N/A       16%         2
 Cigotuvi's Dreadful Rot  Necr/Pois/Air  10%        N/A       16%         2
 Ensorcelled Hibernation  Hex/Ice        10%        N/A       16%         2
 Iskenderun's Mystic Bla  Conj/Tloc      23%        2d6       19%         4
 Ignite Poison            Fire/Tmut/Pois 5%         N/A       30%         3
 Spider Form              Tmut/Pois      5%         N/A       30%         3
 Vampiric Draining        Necr           5%         2d6       30%         3
 Freezing Cloud           Conj/Ice/Air   8%         6-21      67%         5
 Anguish                  Hex/Necr       2%         N/A       69%         4
 Animate Armour           Summ/Erth      10%        N/A       69%         4
 Alistair's Intoxication  Tmut/Pois      3%         N/A       95%         5
 Borgnjor's Vile Clutch   Necr/Erth      2%         N/A       95%         5
 Eringya's Noxious Bog    Tmut/Pois      2%         N/A       100%        6
 Dragon's Call            Summ           2%         N/A       100%        9


Dungeon Overview and Level Annotations

Branches:
Dungeon (8/15)             Temple (0/1) D:4
   Lair: D:8-11

Altars:
Fedhas
Makhleb
Nemelex Xobeh
Okawaru
Qazlal
Sif Muna
Vehumet

Shops:
D:2 :   D:7 :

Annotations:
D:8 Amaemon


Message History

Your Spellcasting skill increases to level 5!
Your Conjurations skill increases to level 8!
You have reached level 10!
You feel better.
Amaemon hits you with a -2 demon whip of venom!
* * * LOW HITPOINT WARNING * * *
Amaemon claws you but does no damage.
Amaemon tail-slaps you but does no damage.
The scorpion stings you but does no damage.
Amaemon closely misses you. Amaemon claws you but does no damage.
Amaemon tail-slaps you but does no damage.
A red film seems to cover your vision as you go berserk!
You feel yourself moving faster!
You feel mighty!
Amaemon points at the scorpion and mumbles some strange words.
The scorpion seems to grow toxic.
The scorpion stings you but does no damage.
Amaemon hits you with a -2 demon whip of venom!
* * * LOW HITPOINT WARNING * * *
Amaemon completely misses you. Amaemon tail-slaps you.
* * * LOW HITPOINT WARNING * * *
The scorpion stings you but does no damage.
Something foul drips from Amaemon's claws.
Amaemon hits you but does no damage.
You are poisoned.
Amaemon claws you but does no damage.
Amaemon tail-slaps you but does no damage.
You puncture Amaemon!
Amaemon is almost dead.
You feel sick. The scorpion stings you.
* * * LOW HITPOINT WARNING * * *
Amaemon barely misses you. Amaemon claws you.
* * * LOW HITPOINT WARNING * * *
Amaemon misses you.
You barely miss Amaemon.
Amaemon is almost dead.
The scorpion closely misses you.
Amaemon hits you with a -2 demon whip of venom.
* * * LOW HITPOINT WARNING * * *
Amaemon claws you!
You die...

#..........#
#..#########
#..# #..#
###..## #
#.....#
#.##.....###
#............
#.##@s...####
# #6....#
s###### #. #.
#. #. #.


You could see Amaemon (fast) and 2 scorpions.

Vanquished Creatures
  A cyclops (D:8)
  An orange demon (D:8)
  Sigmund (D:5)
  A steam dragon (D:6)
  A black bear (D:7)
  A sky beast (D:6)
  4 ice beasts
  4 ogres
  A phantom (D:7)
  2 bullfrogs (D:8)
  A kobold brigand (D:7)
  2 scorpions (D:6)
  A howler monkey (D:8)
  4 hounds
  2 jellies
  3 iguanas
  3 iron imps (D:4)
  A sleepcap (D:6)
  An orc wizard (D:5)
  4 adders
  A shadow imp (D:7)
  An ufetubus (D:7)
  2 worms
  2 dart slugs
  9 orcs
  5 ball pythons
  6 endoplasms
  3 giant cockroaches
  4 goblins
  6 hobgoblins
  3 quokkas
  2 training dummies (D:4)
  5 bats
  4 frilled lizards
  9 kobolds
  5 rats
106 creatures vanquished.

Vanquished Creatures (others)
  3 fulminant prisms (D:8)
3 creatures vanquished.

Grand Total: 109 creatures vanquished

Notes
Turn   | Place    | Note
-------+----------+-------------------------------------------
     0 | D:1      | Graphine the Human Conjurer began the quest for the Orb.
     0 | D:1      | Reached XP level 1. HP: 13/13 MP: 3/3
   282 | D:1      | Reached XP level 2. HP: 19/19 MP: 3/5
   982 | D:2      | Reached XP level 3. HP: 15/24 MP: 0/6
  1078 | D:2      | Learned a level 2 spell: Searing Ray
  1236 | D:2      | Found Cumekurgh's Vocational Training.
  1323 | D:2      | Found a burning altar of Makhleb.
  1683 | D:2      | Reached XP level 4. HP: 30/30 MP: 1/7
  1851 | D:2      | Learned a level 4 spell: Fulminant Prism
  2345 | D:3      | Found a faded altar of an unknown god.
  2407 | D:3      | Prayed at the altar of an unknown god.
  2407 | D:3      | Became a worshipper of Qazlal Stormbringer
  2407 | D:3      | Reached * piety under Qazlal
  2914 | D:3      | Found a shimmering blue altar of Sif Muna.
  2959 | D:4      | Got the Vellum of the Band and Necromancy
  3043 | D:4      | Found a burning altar of Makhleb.
  3068 | D:4      | Reached XP level 5. HP: 17/36 MP: 1/9
  3081 | D:4      | Reached skill level 1 in Fighting
  3081 | D:4      | Reached skill level 1 in Invocations
  3245 | D:4      | Noticed an ogre
  3251 | D:4      | Killed an ogre
  3252 | D:4      | Reached skill level 5 in Conjurations
  3252 | D:4      | Reached XP level 6. HP: 43/43 MP: 3/10
  3519 | D:4      | You fall into a shaft and drop 3 floors!
  3536 | D:7      | Reached ** piety under Qazlal
  3595 | D:7      | Noticed a black bear
  3640 | D:7      | Killed a black bear
  3641 | D:7      | Reached XP level 7. HP: 31/49 MP: 5/11
  3709 | D:7      | Found Gohil's Book Emporium.
  3765 | D:5      | Entered Level 5 of the Dungeon
  4018 | D:4      | Reached XP level 8. HP: 57/57 MP: 8/13
  4178 | D:4      | Found a staircase to the Ecumenical Temple.
  4193 | D:4      | Reached skill level 6 in Conjurations
  4335 | D:5      | Noticed Sigmund
  4354 | D:5      | Killed Sigmund
  4774 | D:5      | Found a sparkling altar of Nemelex Xobeh.
  4845 | D:5      | Found a radiant altar of Vehumet.
  5192 | D:6      | Reached XP level 9. HP: 55/64 MP: 12/15
  5349 | D:6      | Reached skill level 5 in Stealth
  5349 | D:6      | Reached skill level 7 in Conjurations
  5458 | D:6      | Found a blossoming altar of Fedhas.
  5467 | D:6      | Found an iron altar of Okawaru.
  5701 | D:6      | Identified the ring of the Distant Future {Fly rPois rC++
                  | Str+4}
  6154 | D:8      | Noticed an orange demon
  6156 | D:8      | Noticed Amaemon
  6453 | D:8      | Noticed a cyclops
  6463 | D:8      | Killed a cyclops
  6464 | D:8      | Reached skill level 5 in Dodging
  6756 | D:8      | Killed an orange demon
  6757 | D:8      | Reached skill level 5 in Spellcasting
  6757 | D:8      | Reached skill level 8 in Conjurations
  6757 | D:8      | Reached XP level 10. HP: 16/73 MP: 6/17
  6759 | D:8      | HP: 4/109 [Amaemon/-2 demon whip of venom (4)]
  6760 | D:8      | Slain by Amaemon

Illustrated notes

Levels and vault maps discovered:
D:1:      co_arrival_random_square_maze, layout_loops_ring,
          serial_park_tiny_pond, nrook_campfire, hangedman_abyss_or_decor_stabs,
          hex_tiny
D:2:      layout_basic, basic_altar, nicolae_shop_vocational
D:3:      layout_basic, lemuel_blue_sif_altar, basic_ecumenical_altar,
          kennysheep_generic_room_5
D:4:      dreamdust_elfheim, layout_rooms, demons_altar, temple_green
D:5:      layout_rooms, kennysheep_mini, mainiacjoe_overflow_alcove_1,
          uniq_sigmund
D:6:      layout_rooms, mainiacjoe_overflow_swirl
D:7:      layout_rooms, serial_shops, shop
D:8:      layout_loops_ring, mainiacjoe_overflow_small_starburst,
          hellmonk_ghost_happy_afterlife, uniq_amaemon

Skill      XL: |  1  2  3  4  5  6  7  8  9 |
---------------+----------------------------+-----
Stealth        | 3 4 5 |  5.8
Fighting       | 1 2 3 4 |  4.5
Invocations    | 1 2 3 4 |  4.8
Dodging        | 3 4 5 |  5.3
Spellcasting   | 3 4 5 |  5.0
Conjurations   | 5 6 8 |  8.0

Action                     |  1- 3 |  4- 6 |  7- 9 | 10-12 || total
---------------------------+-------+-------+-------+-------++-------
  Melee: Unarmed           |    12 |       |       |       ||    12
         Dagger            |    15 |    41 |    21 |     2 ||    79
   Cast: Magic Dart        |    63 |    58 |    55 |       ||   176
         Searing Ray       |       |     6 |    44 |       ||    50
         Fulminant Prism   |       |       |     3 |       ||     3
    Use: Scroll            |     4 |     9 |    12 |       ||    25
         Potion            |       |     1 |     1 |     2 ||     4
 Armour: Robe              |     6 |    10 |    38 |    10 ||    64
  Dodge: Dodged            |    17 |    26 |    67 |     5 ||   115
  Block: Other             |       |     1 |    16 |       ||    17
